 Dungeon Crawl Stone Soup version 0.30-a0-862-g1aabd4f9c5 (webtiles) character file.

Game seed: 15562816527551612680

189 cheesebisquit the Chopper (level 5, -7/43 (47) HPs)
             Began as a Minotaur Fighter on Mar 9, 2023.
             Mangled by an ogre
             ... wielding a +0 giant club
              (28 damage)
             ... on level 3 of the Dungeon.
             The game lasted 00:05:59 (1944 turns).

cheesebisquit the Chopper (Minotaur Fighter)        Turns: 1944, Time: 00:05:59

HP:   -7/43 (47)    AC:  7    Str: 22    XL:     5   Next: 40%
MP:   4/4           EV:  9    Int:  5    God:
Gold: 87            SH:  4    Dex: 10    Spells: 4/4 levels left

rFire   . . .      SeeInvis .    a - +0 war axe
rCold   . . .      Faith    .    c - +0 buckler
rNeg    . . .      Spirit   .    b - +0 scale mail
rPois   .          Reflect  .    (helmet restricted)
rElec   .          Rampage  .    (no cloak)
rCorr   .                        (no gloves)
Will    .....                    (no boots) Stlth
                                 (no amulet)
HPRegen 0.27/turn                (no ring)
MPRegen 0.09/turn                (no ring)

@: drained
A: horns 2, retaliatory headbutt
a: no special abilities


You were on level 3 of the Dungeon.
You visited 1 branch of the dungeon, and saw 3 of its levels.

You collected 87 gold pieces.

Inventory:

Hand Weapons
 a - a +0 war axe (weapon)
 p - a +1 mace of draining
Armour
 b - a +0 scale mail (worn)
 c - a +0 buckler (worn)
 s - a +0 pair of gloves
Wands
 q - a wand of mindburst (11)
Scrolls
 e - 6 scrolls of identify {unknown}
 g - a scroll of enchant weapon {unknown}
 i - a scroll of fear {unknown}
 k - a scroll of teleportation {unknown}
 r - 2 scrolls of magic mapping {unknown}
Potions
 d - a potion of might
 f - a potion of berserk rage {unknown}
 h - a potion of mutation {unknown}
 j - 2 potions of degeneration {unknown}
 l - a potion of resistance {unknown}
 m - a potion of haste {unknown}
 n - a potion of heal wounds {unknown}
 o - a potion of curing {unknown}


   Skills:
 + Level 4.5 Fighting
 * Level 4.6 Axes
 + Level 4.5 Armour
 + Level 1.2 Dodging
 + Level 4.5 Shields


You had 4 spell levels left.
You didn't know any spells.
Your spell library contained the following spells:

 Spells                   Type           Power      Damage    Failure   Level
 Sandblast                Erth           0%         2d4       87%         1
 Passwall                 Tmut/Erth      0%         N/A       95%         2
 Stone Arrow              Conj/Erth      0%         3d7       99%         3


Dungeon Overview and Level Annotations

Branches:
Dungeon (3/15)

Altars:
Ashenzari
Makhleb


Innate Abilities, Weirdness & Mutations

You have a pair of horns on your head.
You reflexively headbutt those who attack you in melee.


Message History

The endoplasm freezes you.
You are frozen.
You slash the endoplasm!
You kill the endoplasm!
An endoplasm comes into view.
The endoplasm quivers.
A goblin comes into view. It is wielding a +0 club.
The goblin shouts!
The endoplasm hits you.
You slash the endoplasm!
You kill the endoplasm!
Found a ring mail.
You slash the goblin!
You kill the goblin!
You see here a +0 club.
e - 5 scrolls labelled ZOONATWUHU (gained 1)
r - a scroll labelled WIPRAD ALOD You see here a +0 club.
You see here a +0 ring mail.
e - 6 scrolls labelled ZOONATWUHU (gained 1)
You now have 87 gold pieces (gained 13).
There is a stone staircase leading up here.
r - 2 scrolls labelled WIPRAD ALOD (gained 1)
Found a pair of gloves.
An ogre comes into view. It is wielding a +0 giant club.
Found 17 gold pieces.
The ogre shouts!
You see here a +0 pair of gloves.
s - a +0 pair of gloves You start putting on your armour.
You continue putting on your +0 pair of gloves. x2
The ogre hits you with a +0 giant club!!
Keep equipping yourself? [Y]es or [N]o only, please.
Keep equipping yourself?
Ouch! That really hurt!
You continue putting on your +0 pair of gloves.
The ogre hits you with a +0 giant club!!
Ouch! That really hurt!
You die...

.# .# #.# .# #.#
.# #$# .###### #.#
....... #.#
....... #.#
####### #O#
......##########@#
#####............#
##############


You could see an ogre.

Vanquished Creatures
  Ijyb (D:3)
  2 orc wizards (D:3)
  Natasha (D:3)
  3 adders
  A worm (D:2)
  4 orcs (D:3)
  3 ball pythons
  2 bats
  8 endoplasms
  3 giant cockroaches
  2 goblins
  6 hobgoblins
  4 jackals (D:1)
  3 kobolds
  2 quokkas
  A frilled lizard (D:2)
  5 rats
51 creatures vanquished.

Notes
Turn   | Place    | Note
-------+----------+-------------------------------------------
     0 | D:1      | cheesebisquit the Minotaur Fighter began the quest for the
                  | Orb.
     0 | D:1      | Reached XP level 1. HP: 19/19 MP: 0/0
   336 | D:1      | Reached XP level 2. HP: 25/27 MP: 1/1
   758 | D:2      | Reached XP level 3. HP: 33/33 MP: 2/2
  1402 | D:3      | Reached XP level 4. HP: 32/40 MP: 3/3
  1546 | D:3      | Found a broken altar of Ashenzari.
  1562 | D:3      | Reached skill level 1 in Dodging
  1583 | D:3      | Noticed Natasha
  1589 | D:3      | Killed Natasha
  1590 | D:3      | Reached XP level 5. HP: 47/47 MP: 4/4
  1591 | D:3      | Found a burning altar of Makhleb.
  1656 | D:3      | Noticed Ijyb
  1666 | D:3      | Killed Ijyb
  1938 | D:3      | Noticed an ogre
  1944 | D:3      | Mangled by an ogre

Illustrated notes

Levels and vault maps discovered:
D:1:      kilobyte_arrival_exit_the_forest, layout_basic
D:2:      layout_loops_cross, chequers_serial_rivers_marsh, minmay_tetromino_o4
D:3:      layout_loops_ring, nicolae_ru_great_annihilating_truth,
          nicolae_overflow_hidden_temple, nicolae_ashenzari_skybound,
          grunt_temple_overflow_open, eino_tiny_chamber, uniq_ijyb, uniq_natasha

Skill      XL: |  1  2  3  4 |
---------------+-------------+-----
Axes           | 3 4 |  4.6
Fighting       | 4 |  4.5
Armour         | 4 |  4.5
Shields        | 4 |  4.5
Dodging        | 1 |  1.2

Action                     |  1- 3 |  4- 6 || total
---------------------------+-------+-------++-------
  Melee: War axe           |    90 |    27 ||   117
         Headbutt          |    10 |     4 ||    14
    Use: Potion            |       |     1 ||     1
 Armour: Scale mail        |    48 |    21 ||    69
  Dodge: Dodged            |    50 |     9 ||    59
  Block: Buckler           |    23 |     2 ||    25

Table legend: (Time is in decaauts)
 A = Elapsed time spent in this place.
 B = Non-inter-level travel time spent in this place.
 C = Inter-level travel time spent in this place.
 D = Time resting spent in this place.
 E = Time spent auto-exploring this place.
 F = Levels seen in this place.
 G = Mean time per level.
                   A        B        C        D        E       F      G
               +--------+--------+--------+--------+--------+-----+--------+
         Total |   1995 |   1909 |     86 |    113 |   1468 |   3 |  665.0 |
       Dungeon |   1995 |   1909 |     86 |    113 |   1468 |   3 |  665.0 |
               +--------+--------+--------+--------+--------+-----+--------+

Top non-repeatable levels by time:
     D:1: 767 daAuts
     D:2: 646 daAuts
     D:3: 581 daAuts
